 Dungeon Crawl Stone Soup version 0.18.1-47-g9310371 (console) character file.

342 Kloppie the Poker (level 6, -1/47 HPs)
             Began as a Human Gladiator on June 15, 2016.
             Slain by a mummy (9 damage)
             ... in an ossuary.
             The game lasted 00:05:57 (3100 turns).

Kloppie the Poker (Human Gladiator)                 Turns: 3100, Time: 00:05:57

Health: -1/47      AC: 12    Str: 18    XL:     6   Next: 88%
Magic:  6/6        EV: 12    Int: 10    God:
Gold:   119        SH:  0    Dex: 15    Spells: 0 memorised, 5 levels left

rFire  . . .     SeeInvis .     a - +0 trident
rCold  . . .     Gourm    .     m - +1 scale mail
rNeg   . . .     Faith    .     (no shield)
rPois  .         Spirit   .     y - +2 hat
rElec  .         Dismiss  .     (no cloak)
rCorr  .         Reflect  .     (no gloves)
SustAt .         Harm     .     u - +2 pair of boots
MR     +....                    (no amulet)
Stlth  ..........               (no ring)
                                q - ring of protection from magic

@: flying, very slightly contaminated, somewhat resistant to hostile
enchantments, extremely unstealthy
A: antennae 1, clever 1, strong 1
a: no special abilities


You were in an ossuary.
You were hungry.

You visited 1 branch of the dungeon, and saw 4 of its levels.
You also visited: Sewer and Ossuary.

You collected 119 gold pieces.

Inventory:

Hand Weapons
 a - a +0 trident (weapon)
Missiles
 d - 4 throwing nets (quivered)
Armour
 m - a +1 scale mail (worn)
 u - a +2 pair of boots (worn)
 y - a +2 hat (worn)
Jewellery
 q - a ring of protection from magic (left hand)
Scrolls
 l - a scroll of amnesia
 t - a scroll of remove curse
Potions
 h - a potion of agility
 j - a potion of haste
 s - 2 potions of magic
 A - a potion of might {unknown}
 B - a potion of brilliance {unknown}
Comestibles
 b - a royal jelly
 f - 3 bread rations
 p - 7 fruits
 w - a meat ration
 C - a beef jerky
 D - 2 chunks of flesh


   Skills:
 + Level 3.6 Fighting
 * Level 5.4 Polearms
 - Level 2.0 Throwing
 + Level 4.5 Dodging


You had 5 spell levels left.
You didn't know any spells.

Dungeon Overview and Level Annotations

Branches:
Dungeon (4/15)
 Temple: D:4-7

Altars:
Elyvilon
Fedhas
Kikubaaqudgha

Shops:
D:4 %


Innate Abilities, Weirdness & Mutations

You have a pair of small antennae on your head.
Your mind is acute. (Int +2)
Your muscles are strong. (Str +2)


Message History

The big kobold zombie closely misses you.
You barely miss the human zombie.
The rat zombie bites you but does no damage.
The mummy hits you but does no damage. The human zombie closely misses you.
The hound zombie closely misses you.
You hit the human zombie.
The big kobold zombie hits you but does no damage.
The rat zombie bites you.
* * * LOW HITPOINT WARNING * * *
The hound zombie barely misses you. The mummy hits you but does no damage.
You barely miss the human zombie. The hound zombie barely misses you.
The human zombie hits you but does no damage.
The big kobold zombie closely misses you.
The rat zombie misses you. The mummy hits you!
* * * LOW HITPOINT WARNING * * *
You hit the human zombie.
The hound zombie bites you but does no damage.
The human zombie hits you but does no damage.
The big kobold zombie misses you. The mummy hits you!
You die...

.......... ...
.......... ....
.........#####....
...................
...................
#...............#
..##..ZZM..........#
.......@MZ..............
......ZZZ..............
#.....................#
#.........∩∩..........#
#.....................##
.......................#
........................
........................
...............##...


You could see 2 mummies, a rat zombie, a hound zombie, a big kobold zombie, an
orc zombie and 2 human zombies.

Vanquished Creatures
  An elf zombie (Ossuary)
  Jessica (D:1)
  2 worker ants (D:4)
  A hound zombie (Ossuary)
  A mummy (Ossuary)
  5 adders
  3 river rats
  An ooze (D:3)
  2 worms (D:3)
  A dart slug (D:1)
  3 giant geckos
  2 orcs (D:3)
  8 bats
  3 giant cockroaches
  8 goblins
  9 hobgoblins
  7 jackals
  5 kobolds
  4 ball pythons
  6 giant newts
  A goblin zombie (Ossuary)
  A jackal skeleton (D:3)
  2 jackal zombies (Ossuary)
  13 rats
  A rat zombie (Ossuary)
91 creatures vanquished.

Notes
Turn   | Place    | Note
--------------------------------------------------------------
     0 | D:1      | Kloppie the Human Gladiator began the quest for the Orb.
     0 | D:1      | Reached XP level 1. HP: 16/16 MP: 1/1
   119 | D:1      | Reached XP level 2. HP: 12/22 MP: 2/2
   431 | D:1      | Reached XP level 3. HP: 15/28 MP: 3/3
   936 | D:2      | Noticed Jessica
   948 | D:1      | Killed Jessica
   948 | D:1      | Reached XP level 4. HP: 13/34 MP: 4/4
  1306 | D:2      | Reached skill level 4 in Polearms
  1500 | D:2      | Found a blossoming altar of Fedhas.
  1500 | D:2      | Found an ancient bone altar of Kikubaaqudgha.
  1709 | D:3      | Reached XP level 5. HP: 38/40 MP: 5/5
  1904 | D:3      | Found a white marble altar of Elyvilon.
  2116 | D:3      | Found a glowing drain.
  2125 | Sewer    | Entered a sewer
  2773 | D:3      | Reached XP level 6. HP: 47/47 MP: 6/6
  2824 | D:4      | Reached skill level 5 in Polearms
  2950 | D:4      | Found Ekutulok's Food Emporium.
  2964 | D:4      | Found a sand-covered staircase.
  2972 | Ossuary  | Entered an ossuary
  3073 | Ossuary  | Gained mutation: Your mind is acute. (Int +2) [potion of mutation]
  3073 | Ossuary  | Gained mutation: You have a pair of small antennae on your head. [potion of mutation]
  3073 | Ossuary  | Gained mutation: Your muscles are strong. (Str +2) [potion of mutation]
  3100 | Ossuary  | Slain by a mummy

Skill      XL: |  1  2  3  4  5  6 |
---------------+-------------------+-----
Polearms       | 4 5 |  5.4
Fighting       | 3 |  3.6
Dodging        | 4 |  4.5
Throwing       | |  2.0

Action                   |  1- 3 |  4- 6 || total
-------------------------+-------+-------++-------
Melee: Trident           |    62 |   340 ||   402
Throw: Throwing net      |     4 |       ||     4
  Use: Scroll            |       |    12 ||    12
       Potion            |       |     8 ||     8
  Eat: Chunk             |       |     7 ||     7
Armor: Ring mail         |    10 |       ||    10
       Leather armour    |     1 |       ||     1
       Scale mail        |     9 |   207 ||   216
Dodge: Dodged            |    20 |   401 ||   421
